Map: Selva profunda EE

Players

Endurance

  • Race: Terran Terran
  • League: Gold
  • Spawn Location: 3:00

Zorro

  • Race: Protoss Protoss
  • League: Bronze
  • Spawn Location: 1:00

GeceTuTerror

  • Race: Zerg Zerg
  • Spawn Location: 1:00

TATORREA - Winner!

  • Race: Protoss Protoss
  • League: Gold
  • Spawn Location: 7:00

tigro - Winner!

  • Race: Terran Terran
  • League: Bronze
  • Spawn Location: 7:00

MrFercho - Winner!

  • Race: Zerg Zerg
  • League: Silver
  • Spawn Location: 7:00

VOD

Have the link to the VOD?

Description

Time

  • Played on: June 30, 2020, 9:35 p.m.
  • Length: 19:45
Show
View Real Time Build Order
Export as new Build Order

Endurance Terran 

Build Orders: Reaper Expand, Mech 

Get SALT Encoding   

  12  0:03  SCV  
  13  0:21  Supply Depot, SCV  
  14  0:33  SCV  
  15  0:45  SCV  
  15  0:46  Barracks  
  15  0:49  Refinery  
  16  0:57  SCV  
  17  1:09  SCV  
  18  1:21  SCV  
  19  1:43  Reaper  
  19  1:46  Command Center  
  20  1:50  Refinery  
  20  1:57  Orbital Command  
  20  2:38  Barracks Reactor  
  20  2:50  Factory  
  20  3:13  SCV  
  20  3:15  Orbital Command  
  21  3:24  Marine x2  
  21  3:25  SCV  
  21  3:26  Supply Depot  
  23  3:40  Factory Tech Lab  
  23  3:42  Marine x2, SCV  
  23  3:44  Starport  
  23  3:45  SCV  
  27  3:54  SCV  
  28  3:57  SCV  
  28  4:00  Marine x2  
  31  4:03  Supply Depot  
  31  4:04  Siege Tank  
  31  4:09  SCV  
  36  4:10  SCV  
  36  4:17  Marine  
  36  4:18  Marine  
  36  4:20  Medivac  
  40  4:25  Barracks  
  40  4:35  Marine x2  
  40  4:36  Siege Tank  
  45  4:50  Medivac  
  47  4:53  Barracks, Marine x2  
  47  4:54  SCV x2  
  47  4:56  Barracks  
  47  4:59  Barracks  
  51  5:03  Supply Depot  
  51  5:04  Supply Depot  
  51  5:06  SCV  
  54  5:24  Siege Tank  
  57  5:29  Starport Reactor  
  57  5:32  Barracks Tech Lab  
  57  5:34  SCV x2  
  57  5:38  Factory  
  57  5:46  SCV  
  57  5:48  Marine x2  
  60  5:57  Barracks Reactor  
  60  5:58  Barracks Reactor  
  60  6:06  Marine x2  
  62  6:12  Marine  
  62  6:14  Refinery  
  63  6:23  Marine  
  63  6:24  Marine  
  65  6:29  Barracks Reactor  
  65  6:40  Marine  
  65  6:41  Marine x4  
  70  6:49  Marine, Siege Tank  
  74  6:54  Supply Depot x2  
  68  7:03  Command Center  
  68  7:04  Medivac x2  
  68  7:06  Factory Tech Lab  
  60  7:18  Marine  
  60  7:19  Marine x8  
  63  7:22  Stimpack  
  69  7:32  Refinery, SCV x2  
  69  7:36  Marine x3  
  73  7:37  Marine x2  
  73  7:39  Medivac  
  73  7:43  Marine x3  
  81  7:44  SCV x2  
  83  7:56  Marine x4  
  83  7:57  Marine x2  
  89  7:59  Factory  
  89  8:06  Siege Tank  
  92  8:16  Orbital Command  
  92  8:25  Supply Depot, SCV x2  
  94  8:37  SCV  
  95  8:46  Marine x4  
  95  8:47  Marine x4  
  95  8:48  Marine  
  103  8:49  Siege Tank  
  103  8:54  SCV x2  
  109  9:00  SCV  
  110  9:06  Factory Tech Lab, SCV  
  110  9:07  SCV  
  112  9:25  Marine  
  112  9:27  Marine x3  
  93  10:09  Marine x3  
  93  10:10  Marine x5  
  93  10:11  Marine  
  93  10:12  Siege Tank  
  100  10:16  Cyclone  
  100  10:17  Cyclone  
  100  10:18  Viking x2  
  110  10:36  Armory, Orbital Command  
  110  10:45  Armory  
  110  10:48  Viking x2  
  110  10:49  Marine x9  
  123  10:50  Armory  
  123  11:06  Marine  
  123  11:07  Marine  
  125  11:30  Marine  
  125  11:37  Marine x2  
  125  11:52  Marine  
  125  11:53  Marine  
  125  11:54  Marine x2  
  125  11:55  Supply Depot, Marine  
  125  11:56  Marine  
  125  11:57  Medivac, Supply Depot x2  
  125  11:58  Medivac  
  125  11:59  Siege Tank  
  125  12:00  Siege Tank  
  124  12:01  Siege Tank  
  124  12:02  SCV  
  100  12:14  SCV  
  90  12:19  Command Center  
  79  12:26  Marine  
  79  12:27  Medivac, Marine x6  
  79  12:28  Marine x2  
  84  12:31  Siege Tank  
  84  12:42  Thor x2  
  86  12:44  Marine  
  72  13:08  Thor  
  70  13:19  Viking  
  67  13:20  Viking  
  67  13:21  Marine  
  67  13:22  Marine x2  
  72  13:34  Orbital Command  
  66  13:48  Marine x3  
  66  13:49  Viking, Marine x5  
  66  13:50  Viking  
  72  14:00  Thor  
  78  14:15  Marine  
  78  14:16  Marine x2  
  81  14:19  Viking  
  81  14:20  Viking  
  83  14:24  Thor  
  83  14:25  Thor  
  83  14:49  Viking  
  83  14:50  Viking, Siege Tank  
  87  15:09  Thor  
  93  15:18  Orbital Command  
  78  15:31  Thor  
  73  15:46  Marine x5  
  73  15:47  Marine  
  58  15:57  Engineering Bay  
  58  16:18  Siege Tank  
  57  16:29  Orbital Command  
  57  16:30  Marine x4  
  57  16:31  Marine x3  
  48  16:48  Marine x2  
  44  16:55  Factory  
  44  16:56  Factory  
  44  16:58  Barracks, Factory  
  41  17:23  Engineering Bay  
  41  17:45  Factory Tech Lab x3  
  41  17:52  Refinery  
  41  17:53  Refinery  
  37  18:13  Thor x3  
  37  18:18  Barracks Tech Lab  
Show
View Real Time Build Order
Export as new Build Order

Zorro Protoss 

Build Orders:  

Get SALT Encoding   

  12  0:20  Pylon  
  12  0:24  Assimilator  
  12  0:27  Probe  
  13  0:39  Probe  
  14  0:45  Gateway  
  14  0:52  Pylon  
  14  1:07  Probe  
  15  1:21  Gateway  
  15  1:48  Cybernetics Core  
  15  2:07  Gateway  
  15  2:14  Probe  
  16  2:17  Zealot  
  16  2:20  Zealot  
  20  2:26  Probe  
  21  2:35  Zealot  
  23  3:20  Zealot  
  23  3:22  Twilight Council  
  23  3:23  Zealot  
  27  3:36  Assimilator  
  27  3:40  Charge  
  27  3:47  Zealot  
  29  3:50  Zealot  
  31  4:02  Pylon  
  31  4:08  Pylon  
  31  4:20  Probe, Zealot  
  34  4:32  Probe  
  35  4:41  Zealot  
  35  4:45  Probe  
  38  5:00  Forge, Zealot  
  38  5:06  Pylon  
  40  5:25  Zealot  
  34  5:53  Zealot  
  36  6:17  Zealot x2  
  40  6:20  Zealot  
  32  6:44  Zealot x2  
  36  6:47  Zealot  
  38  7:11  Zealot  
  38  7:15  Zealot x2  
  40  7:38  Zealot  
  40  7:42  Zealot x2  
  46  8:03  Protoss Ground Weapons Level 1  
  46  8:05  Zealot  
  48  8:09  Probe, Zealot x2  
  45  8:21  Probe  
  45  8:25  Nexus  
  46  8:32  Assimilator, Zealot  
  46  8:33  Probe  
  49  8:36  Zealot x2  
  49  8:37  Assimilator  
  53  9:09  Pylon  
  53  9:12  Pylon  
  53  9:14  Pylon  
  53  9:25  Pylon, Zealot  
  53  9:27  Zealot  
  57  9:43  Robotics Facility  
  57  9:46  Dark Shrine  
  57  9:49  Stargate  
  57  9:53  Probe  
  58  10:01  Protoss Ground Armor Level 1  
  58  10:05  Probe  
  59  10:17  Probe  
  60  10:52  Photon Cannon  
  60  10:54  Photon Cannon  
  30  12:06  Zealot  
  36  12:10  Protoss Ground Weapons Level 2  
  36  12:13  Dark Templar  
  34  12:16  Dark Templar  
  36  12:33  Zealot  
  34  12:42  Void Ray  
  34  12:52  Dark Templar  
  34  12:55  Dark Templar  
  39  13:00  Zealot  
  41  13:19  Void Ray  
  29  15:05  Pylon, Probe  
  29  15:06  Dark Templar  
  30  15:17  Void Ray  
  30  15:18  Probe  
  30  15:19  Pylon  
  31  15:25  Warp Prism  
  33  15:30  Probe  
  33  15:32  Dark Templar  
  36  15:42  Probe  
  37  15:45  Zealot  
  39  15:54  Probe  
  40  16:00  Warp Prism  
  46  16:11  Dark Templar  
  40  16:35  Pylon  
  34  17:11  Probe  
  23  17:23  Probe  
  14  17:35  Probe  
  15  17:38  Pylon  
  15  17:43  Pylon  
  15  17:56  Forge, Probe  
  16  18:08  Probe  
  17  18:14  Pylon  
  17  18:17  Pylon  
  17  18:38  Photon Cannon  
  17  18:40  Photon Cannon  
  17  18:43  Gateway  
  17  19:27  Pylon  
Show
View Real Time Build Order
Export as new Build Order

GeceTuTerror Zerg 

Build Orders: Hatch First 

Get SALT Encoding   

  12  0:07  Drone  
  12  0:09  Drone  
  14  0:14  Extractor  
  13  0:23  Overlord  
  13  0:37  Drone  
  14  1:01  Drone x3  
  17  1:11  Hatchery  
  16  1:27  Drone  
  16  1:28  Drone  
  18  1:55  Spawning Pool, Drone x2  
  19  2:04  Overlord  
  19  2:11  Overlord  
  17  2:52  Zergling x6, Spine Crawler  
  17  2:53  Metabolic Boost  
  17  2:55  Queen  
  21  2:59  Zergling x6  
  24  3:15  Zergling x4  
  26  3:30  Zergling x2  
  27  3:36  Zergling x6  
  27  3:38  Queen  
  32  3:42  Lair  
  32  3:46  Zergling x2  
  33  4:11  Zergling x6  
  36  4:23  Zergling x12  
  42  4:38  Zergling x4  
  42  4:46  Zergling x2  
  43  5:03  Zergling x2  
  43  5:06  Overlord x4  
  44  5:18  Baneling Nest  
  43  5:27  Zergling x4  
  43  5:28  Zergling x6  
  48  6:15  Centrifical Hooks  
  30  6:37  Zergling x4  
  30  6:38  Zergling x2  
  23  6:49  Lair  
  23  6:54  Zergling x16  
  26  6:55  Zergling x2  
  26  6:59  Baneling  
  26  7:00  Baneling x5  
  32  7:04  Zergling x2  
  32  7:05  Zergling x2  
  34  7:13  Zergling x6  
  37  7:21  Zergling x4  
  39  7:28  Baneling  
  39  7:29  Baneling x5  
  39  7:34  Drone  
  40  7:39  Extractor  
  39  7:47  Drone  
  40  7:52  Zergling x12  
  46  8:09  Drone x2  
  46  8:10  Drone x2  
  46  8:11  Evolution Chamber  
  49  8:39  Drone x2  
  49  8:40  Drone x5  
  56  8:50  Baneling x6  
  56  8:51  Baneling x2  
  56  8:57  Drone  
  57  9:13  Drone  
  57  9:14  Drone x3  
  61  9:22  Extractor  
  61  9:24  Drone  
  61  9:28  Spore Crawler  
  60  10:10  Zergling x4  
  60  10:11  Zergling x8  
  35  10:58  Zergling x8  
  35  11:01  Baneling x2  
  35  11:04  Zergling x6  
  41  11:08  Zergling x6  
  41  11:09  Zergling x18  
  54  11:21  Baneling x7  
  54  11:22  Baneling  
  54  11:24  Baneling x2  
  54  11:25  Baneling x4  
  54  11:29  Zergling x4  
  56  11:42  Spire  
  56  11:44  Zergling x4  
  45  12:29  Zergling x4  
  36  12:30  Zergling x4  
  37  12:48  Zergling x6  
  24  12:58  Spine Crawler  
  24  13:02  Spine Crawler  
  24  13:03  Mutalisk x2  
  25  13:06  Zergling x2  
  25  13:07  Zergling x6  
  25  13:10  Baneling x3  
  25  13:11  Baneling x3  
  29  13:18  Spore Crawler  
  28  13:21  Spore Crawler  
  28  13:26  Spine Crawler  
  26  13:29  Baneling x4  
  26  13:30  Baneling x4  
  26  13:34  Mutalisk x2  
  23  14:09  Zergling x10  
  29  14:10  Zergling x2  
  29  14:29  Drone x2  
  27  14:37  Baneling x3  
  27  14:38  Baneling x9  
  27  14:44  Drone x3  
  20  15:23  Zergling x8  
  24  16:04  Zergling x6  
  24  16:05  Zergling x6  
  24  16:10  Hatchery  
  29  16:21  Baneling  
  29  16:22  Baneling x5  
  19  16:57  Zergling x2  
Show
View Real Time Build Order
Export as new Build Order

TATORREA Protoss - Winner!

Build Orders:  

Get SALT Encoding   

  12  0:03  Probe  
  13  0:15  Probe  
  14  0:26  Pylon  
  14  0:27  Probe  
  15  0:44  Probe  
  15  0:47  Gateway  
  16  0:56  Probe  
  17  1:14  Probe  
  18  1:20  Assimilator  
  18  1:24  Pylon  
  18  1:27  Probe  
  19  1:36  Cybernetics Core  
  19  1:39  Probe  
  20  1:51  Probe  
  20  1:52  Nexus  
  21  2:00  Pylon  
  21  2:03  Probe  
  21  2:08  Assimilator  
  22  2:16  Stalker  
  22  2:18  Probe  
  24  2:30  Probe  
  24  2:34  Warp Gate  
  25  2:40  Probe  
  26  2:48  Probe  
  26  2:56  Probe  
  27  3:01  Robotics Facility  
  27  3:03  Gateway  
  28  3:06  Gateway  
  28  3:07  Probe  
  28  3:12  Sentry  
  31  3:16  Probe  
  32  3:20  Probe  
  33  3:28  Probe  
  34  3:34  Probe  
  34  3:38  Stalker  
  34  3:40  Probe  
  38  3:46  Assimilator, Probe  
  38  3:48  Assimilator  
  39  3:53  Probe  
  40  3:58  Probe  
  41  4:05  Probe  
  42  4:10  Probe  
  43  4:17  Probe  
  43  4:21  Nexus  
  43  4:23  Pylon, Probe  
  45  4:26  Pylon  
  45  4:29  Probe  
  46  4:33  Immortal  
  50  4:40  Stalker  
  50  4:42  Stalker  
  54  4:47  Stalker  
  54  4:51  Probe x2  
  58  5:03  Probe x2  
  60  5:12  Observer  
  61  5:16  Pylon  
  61  5:22  Pylon  
  61  5:25  Pylon  
  61  5:27  Pylon, Probe x2  
  63  5:33  Stalker  
  63  5:35  Pylon  
  65  5:36  Stalker  
  65  5:39  Pylon, Probe x2  
  65  5:41  Stalker  
  71  5:43  Pylon  
  71  5:56  Probe x2  
  71  5:57  Probe  
  74  6:03  Stalker x2  
  78  6:17  Stalker  
  80  6:26  Robotics Bay  
  80  6:28  Gateway  
  80  6:31  Gateway  
  80  6:34  Gateway  
  73  6:45  Stalker x2  
  73  6:46  Stalker  
  59  7:14  Probe x3  
  62  7:26  Probe x3  
  62  7:29  Stalker x4  
  73  7:30  Stalker  
  75  7:56  Probe x3  
  78  8:08  Probe x3  
  81  8:14  Stalker x2  
  81  8:15  Stalker x3  
  81  8:16  Stalker  
  93  8:20  Probe x2  
  93  8:25  Colossus  
  93  8:27  Extended Thermal Lance  
  101  8:29  Probe  
  101  8:32  Probe x2  
  104  8:39  Forge  
  104  8:40  Forge  
  105  8:41  Probe  
  105  8:42  Forge  
  105  8:45  Probe x2  
  105  8:46  Twilight Council  
  107  8:53  Probe  
  108  8:57  Assimilator, Probe x2  
  108  9:00  Assimilator  
  110  9:12  Nexus  
  110  9:14  Pylon  
  110  9:16  Pylon, Probe x3  
  110  9:28  Probe x3  
  103  9:33  Colossus  
  103  9:34  Protoss Ground Armor Level 1, Protoss Ground Weapons Level 1  
  109  9:40  Probe  
  110  9:49  Stalker x2  
  110  9:50  Stalker  
  110  9:51  Stalker  
  118  10:16  Probe  
  118  10:17  Probe x2  
  121  10:25  Stalker  
  121  10:26  Stalker x5  
  133  10:47  Probe x3  
  133  10:48  Probe  
  137  11:02  Probe x4  
  141  11:17  Stalker x5  
  141  11:18  Stalker  
  153  11:21  Protoss Shields Level 1  
  153  11:26  Probe  
  153  11:27  Probe x3  
  147  11:45  Assimilator  
  143  11:48  Assimilator  
  143  11:49  Blink  
  101  12:17  Protoss Ground Armor Level 2  
  85  12:27  Protoss Ground Weapons Level 2  
  65  12:39  Stalker  
  65  12:40  Stalker x4  
  65  12:41  Stalker  
  77  12:45  Colossus  
  83  12:58  Templar Archives  
  83  13:00  Gateway  
  83  13:02  Gateway  
  83  13:03  Gateway  
  83  13:06  Gateway  
  83  13:15  Protoss Shields Level 2  
  83  13:19  Gateway  
  83  13:20  Gateway  
  83  13:23  Gateway  
  83  13:24  Gateway  
  83  13:27  Gateway  
  83  13:29  Gateway  
  83  13:32  Gateway  
  83  13:33  Stalker x2  
  83  13:34  Stalker  
  89  13:35  Pylon  
  89  13:36  Stalker  
  89  13:37  Colossus  
  89  13:39  Pylon  
  97  13:42  Pylon  
  97  13:48  Pylon  
  97  13:51  Pylon  
  97  13:56  Pylon  
  97  14:00  Pylon  
  97  14:03  Probe x4  
  97  14:04  Pylon  
  97  14:06  Gateway  
  97  14:08  Nexus  
  97  14:09  Gateway  
  101  14:11  Pylon  
  101  14:12  Stalker x2, Gateway  
  101  14:13  Stalker x2  
  101  14:14  Pylon  
  109  14:23  Charge  
  109  14:25  Observer  
  109  14:38  Gravitic Boosters  
  110  14:41  Stalker  
  110  14:44  Stalker x4  
  110  14:45  Stalker x3  
  124  14:46  Stalker  
  124  14:50  Probe x4  
  132  15:09  Protoss Ground Weapons Level 3  
  132  15:10  Protoss Ground Armor Level 3  
  132  15:14  Probe  
  132  15:15  Probe x3  
  136  15:26  Probe  
  136  15:27  Probe  
  138  15:33  Colossus  
  144  15:39  Stalker x2  
  144  15:40  Stalker x4  
  144  15:41  Stalker x2  
  144  15:42  Sentry  
  162  15:43  Sentry  
  162  15:44  Sentry x2  
  162  15:45  Sentry  
  162  15:46  Sentry  
  162  15:47  Sentry  
  174  16:05  Observer  
  174  16:14  Stalker  
  174  16:15  Stalker x5  
  174  16:16  Stalker  
  174  16:17  Stalker  
  190  16:27  Nexus  
  190  17:17  Stalker x4  
  190  17:18  Stalker  
  194  18:27  Zealot x3  
Show
View Real Time Build Order
Export as new Build Order

tigro Terran - Winner!

Build Orders:  

Get SALT Encoding   

  12  0:02  SCV  
  13  0:14  SCV  
  14  0:28  SCV  
  15  0:30  Supply Depot  
  15  0:45  Refinery  
  15  0:51  SCV  
  16  1:01  Barracks  
  16  1:04  SCV  
  17  1:08  Refinery  
  17  1:16  SCV  
  18  1:27  Supply Depot  
  18  1:28  SCV  
  19  1:40  SCV  
  20  1:48  Marine  
  20  1:52  SCV  
  22  2:04  SCV  
  22  2:06  Marine  
  24  2:16  SCV  
  24  2:17  Barracks  
  25  2:24  Marine  
  25  2:25  Engineering Bay  
  26  2:31  Orbital Command  
  26  2:42  Marine  
  27  2:56  Terran Infantry Weapons Level 1  
  27  3:00  Marine  
  28  3:11  Factory  
  28  3:15  Barracks Reactor  
  28  3:18  Barracks Tech Lab  
  28  3:39  Marine  
  29  3:53  Combat Shield  
  29  3:57  Marine  
  30  4:12  Factory Tech Lab  
  30  4:13  Marine  
  30  4:14  Marine  
  30  4:15  Marine  
  33  4:31  Starport, Marine x2  
  33  4:33  Marine  
  36  4:42  Siege Tank  
  39  4:51  Terran Infantry Armor Level 1  
  39  4:59  Marine x3  
  42  5:17  Marine x3  
  45  5:23  Medivac  
  47  5:32  Starport  
  47  5:44  Siege Tank  
  45  6:23  Supply Depot  
  45  6:31  Siege Tank  
  46  6:45  Neosteel Armor  
  46  6:46  Marine x3  
  49  7:04  Marine x3  
  52  7:13  Starport Tech Lab x2  
  52  7:15  Command Center  
  52  7:21  Marine  
  52  7:22  Marine x2  
  55  7:39  Marine x3  
  58  7:57  Marine x3  
  61  8:09  Fusion Core  
  61  8:15  Marine  
  62  8:25  Hi-Sec Auto Tracking  
  62  8:36  Refinery, SCV  
  63  8:48  SCV  
  64  8:52  Refinery  
  64  8:55  Marine x3  
  65  9:00  Armory, SCV  
  68  9:12  SCV  
  68  9:13  Marine x3  
  72  9:24  SCV  
  72  9:31  Marine x3  
  76  9:48  Marine  
  76  9:49  Marine  
  78  10:25  Marine  
  76  10:30  Planetary Fortress  
  45  10:39  Marine  
  45  10:40  Marine  
  43  10:43  Marine  
  44  10:52  Battlecruiser  
  44  10:56  Battlecruiser  
  56  10:57  Marine  
  56  10:58  Marine  
  56  11:00  Marine  
  56  11:01  Thor  
  65  11:15  Marine x2  
  67  11:18  Marine  
  68  11:33  Marine x2  
  68  11:36  Marine  
  71  11:44  Siege Tank  
  74  11:53  Weapon Refit  
  74  12:10  Supply Depot  
  74  12:16  Siege Tank  
  77  12:32  Battlecruiser  
  77  12:33  Supply Depot  
  83  12:48  Siege Tank  
  86  12:54  Marine x2  
  86  12:55  Battlecruiser  
  94  12:59  Marine  
  87  13:12  Marine x2  
  76  13:17  Marine  
  67  13:30  Marine x2  
  69  13:35  Marine  
  70  13:48  Marine x2  
  66  13:52  Marine  
  55  14:06  Marine x2  
  55  14:10  Marine  
  55  14:23  Marine x2  
  57  14:28  Marine  
  57  14:41  Marine x2  
  59  14:46  Marine  
  59  14:52  Medivac x2  
  64  14:59  Marine x2  
  66  15:04  Marine  
  60  15:17  Marine x2  
  57  15:22  Marine, Battlecruiser x2  
  64  15:35  Marine x2  
  57  15:39  Marine  
  57  15:52  Marine x2  
  57  15:57  Marine  
  58  16:10  Marine x2  
  60  16:15  Marine  
  58  16:26  Medivac, Battlecruiser  
  58  16:28  Marine x2  
  65  16:33  Marine  
  66  16:51  Marine  
  65  17:45  Battlecruiser x2  
  65  17:47  Marine x3  
  80  18:05  Marine x3  
  83  18:22  Marine  
  83  19:28  Command Center  
  83  19:33  Refinery  
  83  19:35  Refinery  
Show
View Real Time Build Order
Export as new Build Order

MrFercho Zerg - Winner!

Build Orders: Pool First, Muta Ling Bane 

Get SALT Encoding   

  12  0:01  Drone  
  13  0:13  Overlord  
  13  0:31  Spawning Pool  
  12  0:39  Drone x2  
  14  0:55  Extractor, Drone x2  
  15  1:06  Drone  
  16  1:32  Zergling x4  
  18  1:41  Queen  
  18  1:42  Hatchery  
  19  1:49  Drone x2  
  21  1:58  Zergling x2  
  22  2:12  Overlord  
  22  2:24  Metabolic Boost  
  21  2:56  Evolution Chamber  
  19  3:00  Zergling x14  
  19  3:03  Queen  
  28  3:07  Lair  
  28  3:17  Drone  
  28  3:18  Drone x2  
  33  3:27  Drone x2  
  33  3:36  Zerg Melee Weapons Level 1  
  33  3:39  Drone  
  34  3:54  Drone x2  
  34  3:55  Overlord  
  36  4:13  Zergling x12  
  36  4:14  Zergling x2  
  35  4:38  Zergling x10  
  40  4:47  Baneling Nest  
  40  4:49  Extractor  
  38  4:53  Drone  
  38  4:54  Drone  
  40  5:23  Drone x4  
  40  5:25  Overlord x4  
  43  6:00  Zergling x24  
  55  6:12  Centrifical Hooks  
  55  6:13  Zerg Ground Armor Level 1  
  55  6:23  Drone x6  
  58  6:51  Zergling x14  
  54  7:28  Zergling x14  
  54  7:29  Zergling x12  
  60  7:40  Extractor  
  59  7:44  Extractor  
  58  7:53  Hatchery  
  58  7:56  Hatchery  
  58  7:57  Spire  
  55  7:59  Baneling  
  55  8:00  Baneling x13  
  55  8:05  Zergling x12  
  56  8:06  Zergling x8  
  65  8:29  Drone x8  
  73  8:37  Drone x2  
  75  8:44  Overlord  
  75  8:49  Overlord  
  75  8:52  Zerg Melee Weapons Level 2  
  75  8:57  Evolution Chamber  
  74  9:03  Infestation Pit  
  74  9:05  Drone  
  74  9:06  Nydus Network  
  57  9:45  Mutalisk  
  57  9:46  Mutalisk x7  
  57  9:50  Zergling x10  
  57  9:52  Zergling x2  
  70  10:31  Zergling x24  
  81  10:54  Zerg Ground Armor Level 2  
  78  10:57  Hive  
  78  10:59  Zerg Flyer Weapons Level 1  
  78  11:06  Mutalisk x4  
  86  11:17  Drone  
  86  11:18  Drone x7  
  90  11:46  Zergling x18  
  90  11:47  Zergling x8  
  100  11:51  Baneling x6  
  100  11:59  Burrow  
  99  12:28  Hatchery  
  81  12:55  Mutalisk  
  81  12:56  Mutalisk x8  
  93  13:00  Zergling x6  
  96  13:16  Zerg Melee Weapons Level 3  
  96  13:21  Zergling x14  
  102  13:39  Drone  
  102  13:40  Overlord x2  
  102  13:41  Overlord x2  
  100  14:25  Zerg Flyer Weapons Level 2  
  100  14:26  Mutalisk x5  
  100  14:27  Mutalisk  
  87  14:55  Zergling x24, Overlord  
  87  14:57  Zergling x18  
  105  15:06  Overlord x3  
  104  15:07  Overlord  
  104  15:25  Baneling x7  
  104  15:26  Baneling x20  
  87  15:56  Extractor  
  86  16:00  Extractor  
  54  16:38  Hatchery  
  47  17:01  Mutalisk x7  
  62  17:15  Zergling x6  
  62  17:16  Zergling x20  
  62  17:22  Queen  
  76  17:38  Mutalisk x3  
  76  17:42  Zergling x14  
  88  18:20  Mutalisk x4  
  96  18:32  Zergling x32  
  96  18:33  Zergling x8  
  116  19:25  Zergling x14  
  116  19:26  Zergling x22  
Tags
 
Add a new tag
Caveats
  • Supply blocks, unpowered buildings, or Contaminate may cause inaccurate times.
  • Supply counts are checked every 10 seconds.